 Dungeon Crawl Stone Soup version 0.31-a0-819-gf6de2f5ab6 (webtiles) character file.

Game seed: 18401761725526806743

876 riojii the Ruffian (level 7, -7/52 HPs)
             Began as a Demonspawn Shapeshifter on Sept 25, 2023.
             Was an Initiate of Qazlal.
             Splashed by a jelly's acid (11 damage)
             ... on level 5 of the Dungeon.
             The game lasted 00:07:05 (4123 turns).

riojii the Ruffian (Demonspawn Shapeshifter)        Turns: 4123, Time: 00:07:05

Health: -7/52      AC:  6    Str: 22    XL:     7   Next: 74%
Magic:  7/7        EV: 11    Int: 11    God:    Qazlal [......]
Gold:   155        SH:  0    Dex: 13    Spells: 6/6 levels left

rFire   . .          .
                       - Unarmed
rCold   + . .        (no shield)
rNeg    . . .        p - +0 scale mail
rPois   .            (helmet currently unavailable)
rElec   .            (cloak currently unavailable)
rCorr   .            (gloves currently unavailable)
SInv    .            (boots currently unavailable)
Will    .....        (no amulet) Stlth
                     j - ring of protection from cold
HPRegen 1.28/turn    a - +6 ring of strength
MPRegen 0.10/turn

%: no passive effects
@: beast-form
A: beast (slay +2), powered by death 1, demonic touch 1
a: Begin Untransformation, Renounce Religion


You were on level 5 of the Dungeon.
You worshipped Qazlal.
Qazlal was noncommittal.
You were a hulking beast.
You visited 1 branch of the dungeon, and saw 5 of its levels.

You collected 155 gold pieces.

Inventory:

Armour
 g - a +0 pair of gloves
 p - a +0 scale mail (worn)
 s - a +0 cloak
Jewellery
 a - a +6 ring of strength (right hand)
 j - a ring of protection from cold (left hand)
 m - a ring of fire
 r - a ring of protection from cold
 y - a +6 ring of dexterity
Talismans
 c - a beast talisman (active)
Wands
 x - a wand of flame (23)
Scrolls
 d - a scroll of blinking
 e - a scroll of amnesia
 i - a scroll of enchant armour
 l - 2 scrolls of immolation
 n - a scroll of teleportation
 o - a scroll of vulnerability
 q - 2 scrolls of revelation {unknown}
 u - 2 scrolls of poison {unknown}
 v - a scroll of acquirement {unknown}
Potions
 b - a potion of lignification
 f - a potion of attraction {unknown}
 h - a potion of enlightenment {unknown}
 k - 3 potions of ambrosia
 t - 2 potions of cancellation {unknown}
 w - a potion of berserk rage {unknown}


   Skills:
 + Level 3.4 Fighting
 + Level 3.5 Dodging
 * Level 5.4 Unarmed Combat
 * Level 5.0 Shapeshifting


You had 6 spell levels left.
You didn't know any spells.
Your spell library contained the following spells:

 Spells                   Type           Power      Damage    Failure   Level
 Necrotise                Necr           0%         1d4       69%         1
 Static Discharge         Conj/Air       0%         2-2/arc   83%         2
 Inner Flame              Hex/Fire       0%         N/A       96%         3
 Tukima's Dance           Hex            0%         N/A       96%         3
 Vampiric Draining        Necr           0%         2d6       96%         3
 Airstrike                Air            0%         2d(0-16)  100%        4
 Flame Wave               Conj/Fire      0%         2d4       100%        4
 Passage of Golubria      Tloc           0%         N/A       100%        4
 Sticky Flame             Conj/Fire      0%         2d3       100%        4
 Summon Lightning Spire   Summ/Air       0%         N/A       100%        4
 Agony                    Necr           0%         N/A       100%        5
 Yara's Violent Unravell  Hex/Tmut       0%         3d3       100%        5


Dungeon Overview and Level Annotations

Branches:
Dungeon (5/15)
 Temple: D:4-7

Altars:
Okawaru
Qazlal
Sif Muna

Annotations:
D:4 3 runed translucent doors, Cancer's ghost, amateur TeAE; miscthings's ghost, amateur GnWn


Innate Abilities, Weirdness & Mutations

You are a hulking beast.
Your limbs bulge with bestial killing power. (Slay +2)
You regenerate a little health from kills.
Your touch may inflict minor irresistible damage on your foes.


Message History

The ogre hits you with a +0 giant club.
You hit the ogre.
The ogre is heavily wounded.
You completely miss the ogre. Your touch misses the ogre.
The ogre is heavily wounded.
The ogre hits you with a +0 giant club!!
Ouch! That really hurt!
You are too injured to fight recklessly!
You are too injured to fight recklessly!
You are too injured to fight recklessly!
You barely miss the ogre.
The ogre is heavily wounded.
The ogre hits you with a +0 giant club!
* * * LOW HITPOINT WARNING * * *
You hit the ogre.
You touch the ogre!
The ogre is almost dead.
You hit the ogre.
You kill the ogre!
Qazlal accepts your kill.
You hit the scorpion.
You touch the scorpion!
The scorpion is severely wounded.
The scorpion closely misses you.
You hit the scorpion.
You touch the scorpion.
You kill the scorpion!
Qazlal accepts your kill.
Your Shapeshifting skill increases to level 5!
You punch the jelly!
Your hands burn!
* * * LOW HITPOINT WARNING * * *
The jelly is heavily wounded.
The jelly hits you but does no damage.
You hit the jelly.
Your hands burn!
* * * LOW HITPOINT WARNING * * *
The jelly is heavily wounded.
You hit the jelly.
Your hands burn!
* * * LOW HITPOINT WARNING * * *
The jelly is severely wounded.
The jelly hits you.
* * * LOW HITPOINT WARNING * * *
You are splashed with acid!
You die...

###+#.....#
..........#
.........##
.........#
..<.....##
#####.### ### ###
## ..#### ####..
##...###....####
.....#
[....oJh..).....
####..
###...###....###
...### ..##
##)..####
....#.## ..
#..###
##'##...##.###.##
....#....#..#..#
....#....##.#.##
....#.....#.#.#
....#.....#...#


You could see a jelly and an orc.

Vanquished Creatures
  A sky beast (D:4)
  3 ogres
  A phantom (D:5)
  A scorpion (D:5)
  Crazy Yiuf (D:3)
  A hound (D:4)
  3 iguanas (D:4)
  Terence (D:3)
  3 gnolls
  7 adders
  A shadow imp (D:5)
  4 worms
  4 dart slugs
  6 orcs
  11 endoplasms
  4 giant cockroaches
  18 goblins
  14 hobgoblins
  6 jackals (D:2)
  2 quokkas
  10 ball pythons
  8 bats
  7 frilled lizards
  10 kobolds
  3 rats
130 creatures vanquished.

Notes
Turn   | Place    | Note
-------+----------+-------------------------------------------
     0 | D:1      | riojii the Demonspawn Shapeshifter began the quest for the
                  | Orb.
     0 | D:1      | Reached XP level 1. HP: 15/15 MP: 1/1
    81 | D:1      | Gained mutation: Your touch may inflict minor irresistible
                  | damage on your foes. [demonic ancestry]
    81 | D:1      | Reached XP level 2. HP: 1/21 MP: 2/2
   267 | D:1      | Reached XP level 3. HP: 23/26 MP: 3/3
   811 | D:2      | Reached XP level 4. HP: 29/33 MP: 4/4
  1139 | D:2      | You fall into a shaft and drop 1 floor!
  1192 | D:3      | Found a faded altar of an unknown god.
  1626 | D:2      | Found an iron altar of Okawaru.
  1857 | D:2      | Reached XP level 5. HP: 38/38 MP: 5/5
  2145 | D:3      | Noticed Terence
  2151 | D:3      | Killed Terence
  2344 | D:3      | Found a runed translucent door.
  2345 | D:3      | Noticed Crazy Yiuf
  2625 | D:3      | Killed Crazy Yiuf
  2749 | D:4      | Noticed an ogre
  2754 | D:4      | Reached XP level 6. HP: 44/45 MP: 6/6
  2895 | D:4      | Found a runed translucent gate.
  2895 | D:4      | Found a runed translucent gate.
  2895 | D:4      | Found a runed translucent gate.
  2895 | D:4      | Noticed miscthings's ghost (amateur GnWn)
  2896 | D:4      | Noticed Cancer's ghost (amateur TeAE)
  3107 | D:4      | Found a stormy altar of Qazlal.
  3107 | D:4      | Noticed a sky beast
  3117 | D:4      | Killed a sky beast
  3289 | D:4      | Gained mutation: You regenerate a little health from kills.
                  | [demonic ancestry]
  3289 | D:4      | Reached XP level 7. HP: 37/51 MP: 7/7
  3415 | D:4      | Found a shimmering blue altar of Sif Muna.
  3933 | D:4      | Became a worshipper of Qazlal Stormbringer
  3947 | D:5      | Entered Level 5 of the Dungeon
  3952 | D:5      | Reached skill level 5 in Unarmed Combat
  4121 | D:5      | Reached skill level 5 in Shapeshifting
  4123 | D:5      | Splashed by a jelly's acid

Illustrated notes

Levels and vault maps discovered:
D:1:      psy_arrival_whirlpool, layout_rooms, grunt_decor_junction,
          nicolae_grassy_gnolls
D:2:      minmay_razor_zed, layout_basic, basic_altar,
          hangedman_abyss_or_decor_lesser_grid, grunt_ministairs_4
D:3:      layout_rooms, hellmonk_ecumenical_altar_blasted, minmay_mini_jars,
          uniq_terence, uniq_crazy_yiuf_cottage
D:4:      layout_basic, nicolae_overflow_hidden_temple,
          nicolae_qazlal_beasts_of_the_sky, gammafunk_ghost_cemetery,
          st_stairs_14
D:5:      minmay_general_purpose_star, layout_gridville, uniq_blork_the_orc,
          uniq_eustachio

Skill      XL: |  1  2  3  4  5  6  7 |
---------------+----------------------+-----
Dodging        | 2 3 |  3.5
Unarmed Combat | 3 4 5 |  5.4
Shapeshifting  | 3 4 5 |  5.0
Fighting       | 2 3 |  3.4

Action                     |  1- 3 |  4- 6 |  7- 9 || total
---------------------------+-------+-------+-------++-------
  Melee: Unarmed           |    80 |   205 |    32 ||   317
         Touch             |    11 |    39 |     3 ||    53
         Punch             |     1 |     3 |       ||     4
    Use: Scroll            |     4 |     6 |       ||    10
 Armour: Animal skin       |    48 |    27 |       ||    75
         Scale mail        |       |    74 |    12 ||    86
  Dodge: Dodged            |    55 |    83 |     9 ||   147

Table legend: (Time is in decaauts)
 A = Elapsed time spent in this place.
 B = Non-inter-level travel time spent in this place.
 C = Inter-level travel time spent in this place.
 D = Time resting spent in this place.
 E = Time spent auto-exploring this place.
 F = Levels seen in this place.
 G = Mean time per level.
                   A        B        C        D        E       F      G
               +--------+--------+--------+--------+--------+-----+--------+
         Total |   4103 |   3878 |    225 |      0 |   3188 |   5 |  820.6 |
       Dungeon |   4103 |   3878 |    225 |      0 |   3188 |   5 |  820.6 |
               +--------+--------+--------+--------+--------+-----+--------+

Top non-repeatable levels by time:
     D:4: 1194 daAuts
     D:2: 1003 daAuts
     D:3: 932 daAuts
     D:1: 799 daAuts
     D:5: 173 daAuts
